Map: Romanticide LE

Players

EnDerr

  • Race: Zerg Zerg
  • Spawn Location: 5:00

Astrea - Winner!

  • Race: Protoss Protoss
  • League: Master
  • Spawn Location: 11:00

Event: DreamHack SC2 Masters 2020 Winter

VOD

Have the link to the VOD?

Description

Time

  • Played on: Nov. 12, 2020, 10:59 a.m.
  • Length: 8:31

All games in this series

Show
View Real Time Build Order
Export as new Build Order

EnDerr Zerg 

Build Orders: Pool First 

Get SALT Encoding   

  12  0:00  Drone  
  13  0:13  Overlord  
  13  0:18  Drone  
  14  0:31  Drone x2  
  16  0:40  Spawning Pool  
  16  0:42  Extractor  
  14  0:46  Drone  
  15  0:51  Drone  
  16  0:58  Drone  
  17  1:08  Drone  
  18  1:22  Hatchery  
  17  1:27  Zergling x2  
  18  1:36  Queen  
  20  1:44  Metabolic Boost  
  20  1:50  Overlord  
  20  1:54  Drone  
  21  2:02  Drone  
  22  2:10  Drone  
  22  2:11  Queen  
  25  2:26  Drone  
  25  2:27  Drone  
  27  2:39  Hatchery  
  25  2:47  Drone  
  25  2:48  Drone x2  
  28  2:52  Zergling x2  
  28  2:54  Zergling x2  
  30  3:02  Overlord  
  30  3:03  Drone  
  30  3:04  Drone  
  32  3:11  Drone x2  
  34  3:16  Drone  
  35  3:22  Drone  
  35  3:24  Queen  
  38  3:31  Drone x2  
  38  3:32  Drone  
  41  3:41  Drone x2  
  43  3:42  Overlord  
  43  3:43  Overlord  
  43  3:49  Extractor  
  43  3:50  Roach Warren  
  41  3:56  Queen  
  41  3:58  Drone x2  
  41  4:01  Drone  
  41  4:02  Drone x2  
  48  4:17  Drone, Spine Crawler  
  49  4:25  Evolution Chamber  
  49  4:27  Overlord x3  
  49  4:30  Zergling x2  
  49  4:31  Zergling x2  
  48  4:34  Drone  
  48  4:35  Drone x5  
  50  4:40  Drone x2  
  50  4:43  Drone  
  49  4:47  Drone  
  50  4:54  Zerg Missile Weapons Level 1  
  50  4:58  Extractor  
  49  5:05  Drone x3  
  49  5:06  Drone  
  53  5:15  Roach x5  
  53  5:20  Roach x2  
  67  5:23  Roach  
  67  5:26  Zergling x4  
  70  5:33  Zergling x6  
  73  5:39  Overlord  
  73  5:51  Overlord  
  73  5:52  Overlord x2  
  73  5:58  Ravager x6  
  73  5:59  Zergling x8  
  73  6:00  Zergling x6  
  73  6:03  Overlord  
  86  6:06  Zergling x2  
  86  6:09  Zergling x2  
  86  6:10  Zergling x4  
  90  6:14  Zergling x4  
  92  6:23  Spore Crawler x2  
  90  6:26  Zergling x8  
  90  6:30  Zergling x6  
  97  6:33  Ravager x2  
  97  6:37  Zergling x2  
  99  6:45  Zergling x2  
  93  7:01  Drone x7  
  89  7:15  Roach  
  89  7:16  Roach x3  
  89  7:18  Roach x5  
  89  7:22  Roach  
  95  7:24  Roach  
  94  7:32  Roach, Spine Crawler  
  94  7:34  Spine Crawler  
  94  7:36  Roach x2  
  94  7:37  Roach  
  97  7:39  Roach  
  97  7:41  Roach  
  101  7:45  Roach  
  101  7:48  Roach  
  101  7:49  Roach  
  107  7:52  Ravager x2  
  109  8:00  Roach  
  109  8:01  Roach x2  
  109  8:03  Roach  
  109  8:04  Roach x2  
  103  8:06  Roach  
Show
View Real Time Build Order
Export as new Build Order

Astrea Protoss - Winner!

Build Orders: 1 Gate Expand, Archon Immortal 

Get SALT Encoding   

  12  0:00  Probe  
  13  0:12  Probe  
  14  0:18  Pylon  
  14  0:24  Probe (Chrono Boost)  
  15  0:36  Probe (Chrono Boost)  
  15  0:39  Gateway  
  16  0:45  Probe (Chrono Boost)  
  16  0:47  Assimilator  
  17  0:51  Probe  
  18  1:03  Probe  
  19  1:15  Probe  
  20  1:26  Cybernetics Core  
  20  1:33  Nexus  
  20  1:37  Probe  
  21  1:44  Pylon  
  21  1:49  Probe  
  21  1:51  Assimilator  
  22  2:00  Adept (Chrono Boost)  
  22  2:01  Probe  
  22  2:03  Warp Gate  
  25  2:13  Probe  
  25  2:24  Adept  
  25  2:26  Probe  
  28  2:36  Robotics Facility  
  28  2:38  Probe (Chrono Boost)  
  28  2:44  Shield Battery  
  29  2:45  Probe (Chrono Boost)  
  29  2:50  Probe (Chrono Boost)  
  31  2:54  Sentry  
  31  2:55  Probe (Chrono Boost)  
  31  2:56  Probe (Chrono Boost)  
  35  3:00  Probe (Chrono Boost)  
  35  3:04  Probe  
  37  3:12  Probe  
  38  3:16  Probe  
  39  3:20  Warp Prism (Chrono Boost)  
  39  3:24  Probe  
  39  3:25  Pylon  
  42  3:28  Probe, Sentry  
  45  3:36  Probe  
  46  3:43  Probe  
  46  3:47  Immortal (Chrono Boost)  
  46  3:48  Probe  
  48  3:50  Pylon  
  52  3:55  Probe  
  52  4:00  Probe  
  54  4:03  Pylon  
  54  4:08  Probe  
  54  4:09  Sentry  
  57  4:11  Pylon  
  57  4:12  Probe  
  57  4:16  Immortal (Chrono Boost)  
  58  4:19  Assimilator  
  58  4:21  Probe  
  58  4:22  Assimilator  
  63  4:24  Probe  
  64  4:45  Probe x2  
  64  4:48  Immortal  
  64  4:52  Forge, Twilight Council  
  70  4:54  Gateway x2  
  70  5:04  Pylon  
  70  5:05  Pylon  
  70  5:06  Sentry  
  72  5:14  Gateway  
  72  5:15  Gateway  
  72  5:17  Gateway  
  72  5:27  Observer  
  72  5:28  Charge  
  71  5:34  Protoss Ground Weapons Level 1 (Chrono Boost)  
  71  5:39  Probe  
  72  5:50  Immortal  
  76  5:57  Templar Archives  
  76  6:02  Pylon  
  76  6:07  Zealot x3  
  82  6:21  Pylon x2  
  82  6:27  Immortal (Chrono Boost)  
  82  6:29  Zealot x2  
  82  6:30  Zealot x4  
  98  6:41  Pylon  
  98  6:43  Pylon  
  98  6:50  Zealot x3  
  98  6:51  Zealot x3  
  109  7:10  Cybernetics Core  
  109  7:14  High Templar x5  
  119  7:19  Archon x2  
  119  7:20  Zealot  
  121  7:33  Gateway x2  
  121  7:41  High Templar  
  123  7:47  Nexus, Zealot x4  
  129  7:53  Pylon  
  111  8:12  Zealot x5  
  109  8:13  Zealot  
Tags
 
Add a new tag
Caveats
  • Supply blocks, unpowered buildings, or Contaminate may cause inaccurate times.
  • Supply counts are checked every 10 seconds.